 Dungeon Sprint DCSS version 0.30-a0-465-g8901f6c8b5 (webtiles) character file.

Game seed: 17918344317587857384

316 rocky1 the Basher (level 6, -1/51 HPs)
             Began as a Minotaur Fighter on Dec 19, 2022.
             Was an Initiate of Gozag.
             Slain by a spatial vortex (15 damage)
             ... in the Dungeon (Sprint III: "The Ten Rune Challenge").
             The game lasted 00:01:55 (499 turns).

rocky1 the Basher (Minotaur Fighter)                 Turns: 499, Time: 00:01:57

Health: -1/51      AC:  9    Str: 22    XL:     6   Next: 20%
Magic:  5/5        EV:  9    Int:  5    God:    Gozag
Gold:   22         SH:  6    Dex: 10    Spells: 5/5 levels left

rFire   . . .      SeeInvis .    a - +0 flail
rCold   . . .      Faith    .    c - +0 buckler
rNeg    . . .      Spirit   .    k - +0 scale mail
rPois   .          Reflect  .    (helmet restricted)
rElec   .          Harm     .    i - +1 cloak {Will+}
rCorr   .          Rampage  .    (no gloves)
Will    +....      NoTele   +    (no boots)
Stlth   ..........               (no amulet)
HPRegen 0.28/turn                (no ring)
MPRegen 0.09/turn                (no ring)

@: no status effects
A: horns 2, retaliatory headbutt
a: Renounce Religion, Potion Petition, Call Merchant, Bribe Branch


You were in the Dungeon.
You worshipped Gozag.
Gozag was noncommittal.
You visited 1 branch You collected 22 gold pieces.

Inventory:

Hand Weapons
 a - a +0 flail (weapon)
 b - a +0 sling
Armour
 c - a +0 buckler (worn)
 i - a +1 cloak of willpower (worn)
 k - a +0 scale mail (worn)
Scrolls
 j - a scroll of blinking
 m - a scroll of torment {unknown}
 n - 2 scrolls of identify
 p - a scroll of poison {unknown}
 q - a scroll of acquirement {unknown}
Potions
 d - a potion of might
 e - a potion of curing
 f - a potion of heal wounds
 g - a potion of haste
 h - 2 potions of magic
 l - 2 potions of mutation {unknown}
 o - a potion of lignification {unknown}
 r - 2 potions of flight


   Skills:
 - Level 3.6 Fighting
 * Level 12.9 Maces & Flails
 - Level 3.6 Armour
 + Level 9.8 Shields


You had 5 spell levels left.
You didn't know any spells.
Your spell library was empty.

Dungeon Overview and Level Annotations

Branches:
Dungeon (1/1)

Altars:
Cheibriados
Fedhas
Gozag
Hepliaklqana
Makhleb
Nemelex Xobeh
Qazlal
Xom
Jiyva
Lugonu


Innate Abilities, Weirdness & Mutations

You have a pair of horns on your head.
You reflexively headbutt those who attack you in melee.


Message History

A spatial vortex comes into view.
Found a phial of floods.
Found five altars.
There is an open door here.
There is a snail-covered altar of Cheibriados here.
You barely miss the spatial vortex. The spatial vortex closely misses you.
There is a hazy altar of Hepliaklqana here.
Unknown command.
Press < or > to pray at altars.
There is an opulent altar of Gozag here.
You kneel at the altar of Gozag.
Gozag welcomes you!
Gozag waives the service fee.
The spatial vortex hits you! Space warps around you.
You sock the spatial vortex! You headbutt the spatial vortex!
The spatial vortex is moderately damaged.
The spatial vortex misses you.
You hit the spatial vortex.
The spatial vortex is heavily damaged.
There is a hazy altar of Hepliaklqana here.
There is a snail-covered altar of Cheibriados here.
You sock the spatial vortex!
The spatial vortex is heavily damaged.
You barely miss the spatial vortex.
The spatial vortex is heavily damaged.
There is a hazy altar of Hepliaklqana here.
There is an opulent altar of Gozag, spattered with blood here.
You hit the spatial vortex.
The spatial vortex is severely damaged.
The spatial vortex hits you!
You are too injured to fight recklessly!
You are too injured to fight recklessly!
You are too injured to fight recklessly!
You hit the spatial vortex.
The spatial vortex is severely damaged.
The spatial vortex hits you!
* * * LOW HITPOINT WARNING * * *
Space warps horribly around you!
You die...
Your body crumbles into a pile of gold.

#### ##.# $ $ $ $
...#####..# $ $$ $
....#..#..# $ $ $
#...#..#..###+#+###+##$
$
##..##'#..#..........#$
$
##..###...'.⌠........#$
$$$ $
#.†####...#...######'#$
$ $ $
#..###....#.⌠.#v_#...#
...##.....#...#_@#...#
...#).....#+###__#...#
.##.#.....# $#__#...+ .
####....# #__'...# ▓
▓▓▓▓▓▓ ▓▓▓▓▓▓▓▓


You could see a spatial vortex.

Vanquished Creatures
  A shadow (D)
  A water elemental (D)
  A jelly (D)
  Crazy Yiuf (D)
  Jessica (D)
  A human (D)
  3 rats (D)
9 creatures vanquished.

Notes
Turn   | Place    | Note
-------+----------+-------------------------------------------
     0 | D        | rocky1 the Minotaur Fighter began the quest for the Orb.
     0 | D        | Reached XP level 1. HP: 19/19 MP: 0/0
     8 | D        | Reached skill level 3 in Maces & Flails
    25 | D        | Noticed Jessica
    37 | D        | Killed Jessica
    38 | D        | Reached skill level 6 in Maces & Flails
    38 | D        | Reached skill level 5 in Shields
    38 | D        | Reached XP level 2. HP: 16/26 MP: 1/1
    93 | D        | Noticed Crazy Yiuf
   106 | D        | Reached skill level 7 in Maces & Flails
   106 | D        | Reached XP level 3. HP: 20/31 MP: 2/2
   109 | D        | Killed Crazy Yiuf
   110 | D        | Reached skill level 8 in Maces & Flails
   110 | D        | Reached XP level 4. HP: 26/39 MP: 3/3
   212 | D        | Noticed a water elemental
   218 | D        | Killed a water elemental
   219 | D        | Reached skill level 9 in Maces & Flails
   240 | D        | Reached skill level 10 in Maces & Flails
   240 | D        | Reached XP level 5. HP: 23/45 MP: 4/4
   332 | D        | Noticed a shadow
   345 | D        | Killed a shadow
   346 | D        | Reached skill level 12 in Maces & Flails
   346 | D        | Reached XP level 6. HP: 14/51 MP: 5/5
   483 | D        | Found a blossoming altar of Fedhas.
   483 | D        | Found a stormy altar of Qazlal.
   483 | D        | Found a snail-covered altar of Cheibriados.
   483 | D        | Found a burning altar of Makhleb.
   483 | D        | Found a shimmering altar of Xom.
   484 | D        | Found a hazy altar of Hepliaklqana.
   484 | D        | Found an opulent altar of Gozag.
   484 | D        | Found a sparkling altar of Nemelex Xobeh.
   484 | D        | Found a corrupted altar of Lugonu.
   484 | D        | Found a viscous altar of Jiyva.
   484 | D        | Noticed a spatial vortex
   489 | D        | Became a worshipper of Gozag Ym Sagoz the Greedy
   499 | D        | Slain by a spatial vortex

Illustrated notes

Levels and vault maps discovered:
D:        dungeon_sprint_mu [sprint_mu_entry_cave, sprint_mu_temple_rooms,
          sprint_mu_d1_spiders, sprint_mu_d2_genie, sprint_mu_d3_branching,
          sprint_mu_orc_legion, sprint_mu_elf_gauntlet, sprint_mu_hive_nellie,
          sprint_mu_lair_fedhas, sprint_mu_vaults_butterflies,
          sprint_mu_slime_circle, sprint_mu_swamp_cave, sprint_mu_shoals_archi,
          sprint_mu_blade_basic, sprint_mu_crypt_lich, sprint_mu_tomb_spiral,
          sprint_mu_vestibule_basic, sprint_mu_gehenna_hellfire,
          sprint_mu_dis_giant, sprint_mu_tartarus_statrot,
          sprint_mu_cocytus_islands, sprint_mu_zot1]

Skill      XL: |  1  2  3  4  5 |
---------------+----------------+-----
Maces & Flails | 6 7 8 10 12 | 12.9
Shields        | 5 6 8 9 |  9.8
Fighting       | |  3.6
Armour         | |  3.6

Action                   |  1- 3 |  4- 6 || total
-------------------------+-------+-------++-------
Melee: Flail             |    18 |    26 ||    44
       Headbutt          |     2 |     4 ||     6
 Fire: Sling             |     7 |       ||     7
  Use: Potion            |     1 |     2 ||     3
Armor: Scale mail        |       |     1 ||     1
Dodge: Dodged            |     7 |     3 ||    10
Block: Buckler           |     4 |     2 ||     6

Table legend: (Time is in decaauts)
 A = Elapsed time spent in this place.
 B = Non-inter-level travel time spent in this place.
 C = Inter-level travel time spent in this place.
 D = Time resting spent in this place.
 E = Time spent auto-exploring this place.
 F = Levels seen in this place.
 G = Mean time per level.
                   A        B        C        D        E       F      G
               +--------+--------+--------+--------+--------+-----+--------+
         Total |    484 |    484 |      0 |    322 |      0 |   1 |  484.0 |
       Dungeon |    484 |    484 |      0 |    322 |      0 |   1 |  484.0 |
               +--------+--------+--------+--------+--------+-----+--------+

Top non-repeatable levels by time:
       D: 484 daAuts
